 Dungeon Crawl Stone Soup version 0.31-a0-986-g5e6e4ef867 (webtiles) character file.

Game seed: 10444879000944904498

26539 Ekaitz the Frost Mage (level 12, -2/141 HPs)
             Began as a Demonspawn Ice Elementalist on Nov 4, 2023.
             Was a High Priest of Sif Muna.
             Slain by a torpor snail (14 damage)
             ... on level 3 of the Lair of Beasts on Nov 13, 2023.
             The game lasted 00:43:19 (15863 turns).

Ekaitz the Frost Mage (DsIE)                       Turns: 15863, Time: 00:43:19

Health: -2/141     AC: 40    Str: 12    XL:     12   Next: 99%
Magic:  34/34      EV:  2    Int: 24    God:    Sif Muna [*****.]
Gold:   385        SH:  0    Dex: 14    Spells: 11/29 levels left

rFire   . . .        b - +4 trident (drain)
rCold   . . .        (no shield)
rNeg    . . .        K - melded +0 steam dragon scales
rPois   +            D - melded +0 helmet
rElec   .            (cloak currently unavailable)
rCorr   .            (gloves unavailable)
SInv    .            y - melded +0 pair of boots
Will    .....        s - amulet of regeneration
Stlth   ++           i - +4 ring of protection
HPRegen 1.23/turn    O - ring of magical power
MPRegen 0.24/turn

%: wizardry (x1)
@: ice-armoured, tree-form
A: stationary, stasis, torment immunity, boosted hp, (claws 3), powered by pain
2, big brain 3
a: Renounce Religion, Channel Magic, Forget Spell, Divine Exegesis


You were on level 3 of the Lair of Beasts.
You worshipped Sif Muna.
Sif Muna was extremely pleased with you.
You were a tree.
You visited 2 branches of the dungeon, and saw 14 of its levels.

You collected 725 gold pieces.
You spent 340 gold pieces at shops.

Inventory:

Hand Weapons
 a - a +4 dagger
 b - a +4 trident of draining (weapon)
 v - a +1 whip of distortion
 A - a +1 flail of draining
 E - a +2 heavy mace
 N - a +0 short sword of venom
Missiles
 p - 22 poisoned darts
 C - 2 curare-tipped darts
Armour
 x - a +0 leather armour of willpower
 y - a +0 pair of boots (melded)
 D - a +0 helmet (melded)
 I - an orb of energy
 K - +0 steam dragon scales (melded)
 R - a scarf of harm
 S - a scarf of shadows
Magical Staves
 F - a staff of death
Jewellery
 e - a ring of wizardry
 i - a +4 ring of protection (left branch)
 s - an amulet of regeneration (around neck)
 J - an amulet of magic regeneration
 M - an amulet of reflection
 O - a ring of magical power (right branch)
Talismans
 U - a granite talisman
Wands
 q - a wand of iceblast (21)
 w - a wand of paralysis (14)
 Q - a wand of flame (17)
 X - a wand of acid (7)
Scrolls
 f - 2 scrolls of brand weapon {unknown}
 g - 2 scrolls of immolation
 k - 7 scrolls of teleportation {unknown}
 m - a scroll of fog
 r - 2 scrolls of silence
 u - a scroll of fear {unknown}
 z - 2 scrolls of enchant weapon {unknown}
 G - a scroll of revelation
 H - 4 scrolls of vulnerability {unknown}
 L - 2 scrolls of enchant armour {unknown}
 P - a scroll of summoning
 T - 3 scrolls of poison
 V - a scroll of torment
 W - a scroll of amnesia
 Y - a scroll of noise
Potions
 d - 2 potions of magic
 h - 4 potions of mutation
 j - 2 potions of enlightenment
 l - 2 potions of resistance
 n - 4 potions of curing
 o - 3 potions of lignification
 t - 4 potions of berserk rage
 B - 4 potions of heal wounds {unknown}


   Skills:
 * Level 8.8 Fighting
 + Level 2.6 Short Blades
 + Level 5.1 Polearms
 + Level 1.7 Armour
 + Level 4.0 Dodging
 + Level 3.7 Stealth
 + Level 9.3 Spellcasting
 + Level 0.3 Conjurations
 + Level 2.6 Hexes
 * Level 7.5 Summonings
 * Level 12.2 Ice Magic
 * Level 6.0 Invocations


You had 11 spell levels left.
You knew the following spells:

 Your Spells              Type           Power      Damage    Failure   Level
a - Freeze                Ice            100%       1d10      1%          1
b - Ensorcelled Hibernat  Hex/Ice        92%        N/A       1%          2
c - Frozen Ramparts       Ice            100%       1d16      1%          3
d - Ozocubu's Armour      Ice            63%        N/A       1%          3
e - Hailstorm             Conj/Ice       41%        3d10      1%          3
f - Summon Ice Beast      Ice/Summ       55%        N/A       1%          4
i - Call Imp              Summ           94%        N/A       1%          2

Your spell library contained the following spells:

 Spells                   Type           Power      Damage    Failure   Level
 Magic Dart               Conj           48%        1d5       1%          1
 Jinxbite                 Hex            46%        N/A       1%          2
 Call Canine Familiar     Summ           47%        N/A       1%          3
 Kiss of Death            Conj/Necr      44%        2d8       2%          1
 Sandblast                Erth           22%        2d7       2%          1
 Sigil of Binding         Hex            23%        N/A       2%          3
 Passwall                 Tmut/Erth      9%         N/A       3%          2
 Metabolic Englaciation   Hex/Ice        23%        N/A       3%          5
 Mephitic Cloud           Conj/Pois/Air  11%        N/A       6%          3
 Stone Arrow              Conj/Erth      22%        3d8       6%          3
 Ignite Poison            Fire/Tmut/Pois 11%        N/A       7%          3
 Swiftness                Air            11%        N/A       7%          3
 Freezing Cloud           Conj/Ice/Air   15%        6-21      12%         5
 Anguish                  Hex/Necr       8%         N/A       13%         4
 Dimensional Bullseye     Hex/Tloc       8%         N/A       13%         4
 Leda's Liquefaction      Hex/Erth       8%         N/A       13%         4
 Summon Forest            Summ/Tloc      14%        N/A       13%         5
 Brom's Barrelling Bould  Conj/Erth      11%        2d3       21%         4
 Petrify                  Tmut/Erth      11%        N/A       22%         4
 Summon Hydra             Summ           23%        N/A       61%         7
 Conjure Ball Lightning   Conj/Air       5%         3x3d6     96%         6
 Eringya's Noxious Bog    Tmut/Pois      5%         4d6       96%         6


Dungeon Overview and Level Annotations

Branches:
Dungeon (11/15)            Temple (0/1) D:7            Lair (3/5) D:11
  Swamp (0/4) Lair:2        Snake (0/4) Lair:2
    Orc: D:9-12

Altars:
Cheibriados
Dithmenos
Fedhas
Kikubaaqudgha
Makhleb
Ru
Sif Muna
Vehumet

Shops:
D:4 :(!   D:11 (?

Annotations:
D:10 1 runed translucent door, pokeman's ghost, novice DEHW


Innate Abilities, Weirdness & Mutations

You are a tree.
Your roots penetrate the ground, keeping you stationary.
You cannot be teleported.
You are immune to unholy pain and torment.
Your maximum health is greatly increased.
Your equipment is partially melded.
((You have claws for hands.))
You sometimes gain power by taking damage.
You have an absolutely massive brain. (Int +6, Wiz)


Message History

The torpor snail bites you but does no damage.
Being near the torpor snail leaves you feeling lethargic.
Your ice beast hits the torpor snail but does no damage.
The yak gores you but does no damage. x3
You puncture the yak!
The yak is heavily wounded.
You feel yourself speed up.
You feel sick.
You are no longer poisoned.
The torpor snail bites you but does no damage.
Being near the torpor snail leaves you feeling lethargic.
The yak gores you but does no damage. x3; Your ice beast hits the torpor snail.
Your ice beast freezes the torpor snail!
Unknown command.
You hit the yak. You drain the yak.
The yak is severely wounded.
You feel yourself speed up.
The yak gores you but does no damage. x3
The torpor snail bites you but does no damage.
Being near the torpor snail leaves you feeling lethargic.
Your ice beast hits the torpor snail.
Your ice beast freezes the torpor snail!
The yak gores you but does no damage. x3; The torpor snail bites you!
* * * LOW HITPOINT WARNING * * *
Unknown command.
It was a potion of curing.
You feel better.
You feel yourself speed up.
The yak gores you but does no damage. x3; Your ice beast hits the torpor snail.
Your ice beast freezes the torpor snail!
The torpor snail bites you but does no damage.
Being near the torpor snail leaves you feeling lethargic.
You hit the yak. You drain the yak.
You kill the yak!
Sif Muna accepts your kill.
You feel yourself speed up. The yak gores you but does no damage.
The yak gores you.
* * * LOW HITPOINT WARNING * * *
Your ice beast hits the torpor snail but does no damage.
The yak gores you but does no damage. x2; The torpor snail bites you!
You die...

#.........#
#.........#
##........#
.#........#
#.........#
#........#
#........##
#.........#
#....Y♣..##
#P....YwY..#
##P....S...#
#..........#
##........##
#.........
#........##
#........#


You could see a torpor snail, a black mamba (slow, drained, ally target), 2 yaks
and a friendly ice beast (summoned, slow).

Vanquished Creatures
  A hydra (Lair:1)
  A centaur warrior (D:8)
  A boulder beetle (Lair:1)
  Pikel (D:8)
  An orc knight (D:11)
  An ugly thing (D:11)
  2 black mambas
  A salamander (Lair:2)
  A slime creature (D:11)
  Joseph (D:7)
  6 cane toads
  Jeremiah (D:6)
  4 komodo dragons (Lair:1)
  A rime drake (Lair:2)
  A troll (D:11)
  A hornet (D:9)
  A blink frog (Lair:3)
  A shadow (D:10)
  32 yaks
  A basilisk (Lair:1)
  3 steam dragons
  4 vampire mosquitoes (D:10)
  A swamp worm (Lair:2)
  3 wargs (D:11)
  An acid dragon (D:8)
  2 nagas (Lair:2)
  Duvessa (D:5)
  3 water moccasins
  2 black bears
  A sky beast (D:8)
  3 ice beasts
  An orc warrior (D:7)
  2 centaurs
  2 lemures (D:8)
  2 gnoll sergeants
  A kobold brigand (D:7)
  5 bullfrogs
  2 scorpions
  Dowan (D:5)
  17 killer bees
  2 howler monkeys
  3 electric eels
  3 jellies
  12 orc priests
  3 hounds
  8 iguanas
  A gnoll bouda (D:7)
  Ijyb (D:4)
  6 sleepcaps
  15 orc wizards
  22 gnolls
  10 adders
  A white imp (D:7)
  An ufetubus (D:5)
  A worm (D:2)
  3 dart slugs
  34 orcs
  5 endoplasms
  A giant cockroach (D:4)
  3 goblins
  6 hobgoblins
  8 kobolds
  A quokka (D:4)
  6 ball pythons
  5 bats
  3 frilled lizards
  7 rats
288 creatures vanquished.

Vanquished Creatures (collateral kills)
  A black mamba (Lair:2)
  4 cane toads
  2 komodo dragons
  A troll (D:11)
  Prince Ribbit (D:6)
  6 blink frogs
  A slime creature (D:11)
  12 yaks
  4 basilisks
  A swamp worm (Lair:2)
  A naga (Lair:2)
  4 water moccasins
  An orc warrior (D:10)
  2 black bears
  A centaur (D:10)
  A killer bee (D:9)
  A hound (D:5)
  3 iguanas (Lair:1)
  A sleepcap (D:5)
  An orc (D:10)
49 creatures vanquished.

Grand Total: 337 creatures vanquished

Notes
Turn   | Place    | Note
-------+----------+-------------------------------------------
     0 | D:1      | Ekaitz the Demonspawn Ice Elementalist began the quest for
                  | the Orb.
     0 | D:1      | Reached XP level 1. HP: 13/13 MP: 3/3
   323 | D:1      | Reached skill level 4 in Ice Magic
   323 | D:1      | Gained mutation: You have an unusually large brain. (Int
                  | +2) [demonic ancestry]
   323 | D:1      | Reached XP level 2. HP: 19/19 MP: 1/5
  1235 | D:2      | Gained mutation: You have an extremely huge brain. (Int +4)
                  | [demonic ancestry]
  1235 | D:2      | Reached XP level 3. HP: 25/25 MP: 4/6
  1239 | D:2      | Learned a level 3 spell: Frozen Ramparts
  1242 | D:2      | Learned a level 2 spell: Ensorcelled Hibernation
  1268 | D:2      | Found a faded altar of an unknown god.
  1870 | D:2      | Reached skill level 1 in Hexes
  1870 | D:2      | Gained mutation: You have sharp fingernails. [demonic
                  | ancestry]
  1870 | D:2      | Reached XP level 4. HP: 31/31 MP: 2/7
  2732 | D:3      | Gained mutation: You have very sharp fingernails. [demonic
                  | ancestry]
  2732 | D:3      | Reached XP level 5. HP: 28/36 MP: 0/8
  3004 | D:3      | Reached skill level 1 in Fighting
  3071 | D:3      | Reached skill level 1 in Short Blades
  3236 | D:3      | Learned a level 3 spell: Ozocubu's Armour
  3291 | D:3      | Reached skill level 5 in Ice Magic
  3511 | D:4      | Identified the of Qum Olys
  3511 | D:4      | Identified the of Nyll
  3534 | D:4      | Noticed a black bear
  3601 | D:4      | Found Cuickay's Antique Weapon Shop.
  3619 | D:4      | Reached XP level 6. HP: 37/43 MP: 3/10
  3827 | D:4      | Found Noces's Distillery.
  3960 | D:4      | Found Emeezopsi's Book Shoppe.
  4061 | D:4      | Noticed Ijyb
  4102 | D:4      | Gained mutation: You have claws for hands. [demonic
                  | ancestry]
  4102 | D:4      | Reached XP level 7. HP: 50/50 MP: 4/11
  4179 | D:4      | Learned a level 2 spell: Call Imp
  4197 | D:4      | Paralysed by Ijyb for 3 turns
  4201 | D:4      | Killed Ijyb
  4437 | D:4      | Found a shimmering blue altar of Sif Muna.
  4442 | D:4      | Became a worshipper of Sif Muna the Loreminder
  4450 | D:4      | Found an ancient bone altar of Kikubaaqudgha.
  4466 | D:4      | Found a radiant altar of Vehumet.
  4993 | D:4      | Bought a potion of degeneration for 11 gold pieces
  5163 | D:5      | Entered Level 5 of the Dungeon
  5223 | D:5      | Noticed Dowan
  5225 | D:5      | Noticed Duvessa
  5455 | D:5      | Killed Duvessa
  5456 | D:5      | Reached skill level 1 in Summonings
  5456 | D:5      | Reached skill level 6 in Ice Magic
  5821 | D:5      | Reached XP level 8. HP: 53/58 MP: 5/13
  5914 | D:5      | Killed Dowan
  6239 | D:6      | Noticed Jeremiah
  6249 | D:6      | Killed Jeremiah
  6250 | D:6      | Reached skill level 1 in Armour
  6448 | D:6      | Reached skill level 7 in Ice Magic
  6738 | D:6      | Reached skill level 1 in Polearms
  6770 | D:6      | Gained mutation: You have an absolutely massive brain. (Int
                  | +6, Wiz) [demonic ancestry]
  6770 | D:6      | Reached XP level 9. HP: 65/65 MP: 16/16
  6889 | D:6      | Noticed Prince Ribbit
  6898 | D:6      | Killed Prince Ribbit
  6898 | D:6      | Reached * piety under Sif Muna
  6899 | D:6      | Reached skill level 5 in Spellcasting
  7110 | D:6      | Found a burning altar of Makhleb.
  7379 | D:6      | Reached skill level 5 in Fighting
  7379 | D:6      | Reached skill level 8 in Ice Magic
  7669 | D:7      | Reached XP level 10. HP: 29/74 MP: 1/19
  7834 | D:7      | Found a staircase to the Ecumenical Temple.
  8071 | D:7      | Reached ** piety under Sif Muna
  8202 | D:7      | Noticed Joseph
  8225 | D:7      | Killed Joseph
  8325 | D:7      | You fall into a shaft and drop 2 floors!
  8576 | D:8      | Noticed Pikel
  8608 | D:8      | Killed Pikel
  9410 | D:8      | Noticed a centaur warrior
  9422 | D:8      | Killed a centaur warrior
  9423 | D:8      | Reached skill level 5 in Summonings
  9423 | D:8      | Reached skill level 9 in Ice Magic
  9939 | D:9      | Reached *** piety under Sif Muna
 10065 | D:9      | Found a sacrificial altar of Ru.
 10128 | D:9      | Found a blossoming altar of Fedhas.
 10129 | D:9      | Found a shadowy altar of Dithmenos.
 10129 | D:9      | Found a snail-covered altar of Cheibriados.
 10170 | D:9      | Gained mutation: You sometimes gain a little power by
                  | taking damage. [demonic ancestry]
 10170 | D:9      | Reached XP level 11. HP: 73/83 MP: 17/21
 10174 | D:9      | Learned a level 3 spell: Hailstorm
 10179 | D:9      | Learned a level 4 spell: Summon Ice Beast
 10735 | D:10     | Entered Level 10 of the Dungeon
 10827 | D:10     | Noticed pokeman's ghost (novice DEHW)
 10844 | D:10     | Found a runed translucent door.
 11321 | D:10     | Reached skill level 10 in Ice Magic
 11656 | D:11     | Noticed an orc knight
 11679 | D:11     | Noticed a white ugly thing
 11859 | D:11     | Found Xopp's Antique Weapon Shop.
 11937 | D:11     | Found Ciuskov's Magic Scroll Boutique.
 11943 | D:11     | Bought a scroll of immolation for 56 gold pieces
 11943 | D:11     | Bought a scroll of torment for 133 gold pieces
 11943 | D:11     | Bought a scroll of identify for 28 gold pieces
 11943 | D:11     | Bought a scroll of poison for 56 gold pieces
 11943 | D:11     | Bought a scroll of amnesia for 56 gold pieces
 11956 | D:11     | Killed a white ugly thing
 12194 | D:11     | Found a staircase to the Lair.
 12213 | D:11     | Reached skill level 1 in Invocations
 12279 | D:11     | Reached **** piety under Sif Muna
 12447 | D:11     | Killed an orc knight
 12611 | Lair:1   | Entered Level 1 of the Lair of Beasts
 12817 | Lair:1   | Noticed a six-headed hydra
 12823 | Lair:1   | Killed a six-headed hydra
 12859 | Lair:1   | Reached skill level 11 in Ice Magic
 12882 | Lair:1   | Gained mutation: You sometimes gain power by taking damage.
                  | [demonic ancestry]
 12882 | Lair:1   | Reached XP level 12. HP: 81/92 MP: 14/24
 13233 | Lair:1   | Noticed a boulder beetle
 13268 | Lair:1   | Killed a boulder beetle
 14391 | Lair:2   | Reached skill level 5 in Invocations
 14528 | Lair:2   | Reached ***** piety under Sif Muna
 14882 | Lair:2   | Found a staircase to the Swamp.
 15118 | Lair:2   | Found a staircase to the Snake Pit.
 15217 | Lair:2   | Reached skill level 12 in Ice Magic
 15547 | Lair:3   | Reached skill level 5 in Polearms
 15851 | Lair:3   | Identified the "Esmealekh" (Sif Muna gifted it to you on
                  | level 3 of the Lair of Beasts)
 15851 | Lair:3   | Received a gift from Sif Muna
 15861 | Lair:3   | HP: 2/141 [torpor snail (13)]
 15863 | Lair:3   | Slain by a torpor snail

Illustrated notes

Levels and vault maps discovered:
D:1:      minmay_arrival_glassed_features, layout_basic, serial_forest,
          infiniplex_forest_clump_double, infiniplex_forest_straight_5,
          infiniplex_forest_clump_small, infiniplex_forest_end_3,
          infiniplex_forest_clump_small, infiniplex_forest_clump_tiny,
          infiniplex_forest_straight_2, infiniplex_forest_corner_2,
          infiniplex_forest_straight_5, grunt_decor_arrowhead, minmay_3d_cube
D:2:      layout_loops_ring, ebering_ecumenical_altar_ruins
D:3:      layout_loops_corners, kennysheep_cross_bottleneck, corner_web_ring
D:4:      wander_river, layout_layer_cave, palyth_temple_overflow_mages,
          serial_shops, shop, nicolae_inconvenience_store,
          nicolae_shop_hallway_plus, uniq_ijyb
D:5:      layout_rooms, minmay_misc_feat_alley, grunt_ministairs_4,
          dreamdust_princess_corridor, uniq_duvessa
D:6:      layout_loops_ring, lightli_temple_of_fire, hellmonk_no_cap,
          uniq_prince_ribbit1, uniq_jeremiah
D:7:      layout_gridville, minmay_temple_entry_offerings, uniq_joseph
D:8:      layout_basic, uniq_pikel
D:9:      layout_cave_pods, nicolae_ru_path_of_blood, minitemple
D:10:     layout_gridville, hellmonk_ghost_big_iron
D:11:     layout_roguey, erik_lair_orcish_takeover, serial_shops,
          nicolae_square_shop, minmay_shop_grid_forest
Lair:1:   beast_lair_carwin_large_4, layout_cave_pods, nicolae_lair_lil_pond,
          infiniplex_staircase_pool
Lair:2:   layout_chaotic_city, nicolae_swamp_entry_splash_gauntlet,
          alex1729_snake_entry_snake
Lair:3:   layout_big_grid, nicolae_volcano_entry_lava_flow

Skill      XL: |  1  2  3  4  5  6  7  8  9 10 11 12 |
---------------+-------------------------------------+-----
Ice Magic      | 4 5 6 7 8 9 11 12 | 12.2
Hexes          | 1 2 |  2.6
Stealth        | 2 3 |  3.7
Fighting       | 1 2 3 4 5 6 7 8 |  8.8
Dodging        | 2 3 4 |  4.0
Short Blades   | 1 2 |  2.6
Spellcasting   | 3 4 6 7 8 9 |  9.3
Summonings     | 1 3 4 5 6 7 |  7.5
Armour         | 1 |  1.7
Polearms       | 1 2 3 4 5 |  5.1
Invocations    | 3 6 |  6.0
Conjurations   | |  0.3

Action                     |  1- 3 |  4- 6 |  7- 9 | 10-12 || total
---------------------------+-------+-------+-------+-------++-------
  Melee: Short sword       |    34 |    27 |       |    20 ||    81
         Punch             |     1 |       |       |     4 ||     5
         Dagger            |       |    52 |    91 |       ||   143
         Trident           |       |       |    39 |   299 ||   338
   Cast: Freeze            |    39 |    15 |    58 |    28 ||   140
         Ensorcelled Hiber |     6 |     9 |     2 |     1 ||    18
         Frozen Ramparts   |     3 |    11 |    22 |    61 ||    97
         Ozocubu's Armour  |       |     3 |    20 |    45 ||    68
         Call Imp          |       |       |    20 |    34 ||    54
         Summon Ice Beast  |       |       |       |    48 ||    48
         Hailstorm         |       |       |       |    16 ||    16
    Use: Scroll            |       |       |       |    13 ||    13
         Potion            |       |       |       |     2 ||     2
   Stab: Sleeping          |     8 |    10 |     3 |     2 ||    23
         Distracted        |       |       |     2 |     5 ||     7
 Armour: Robe              |    20 |    56 |     6 |       ||    82
         Leather armour    |       |       |   113 |       ||   113
         Steam dragon scal |       |       |    42 |   322 ||   364
         Skin              |       |       |       |    27 ||    27
  Dodge: Dodged            |    47 |    57 |   136 |   227 ||   467

Table legend: (Time is in decaauts)
 A = Elapsed time spent in this place.
 B = Non-inter-level travel time spent in this place.
 C = Inter-level travel time spent in this place.
 D = Time resting spent in this place.
 E = Time spent auto-exploring this place.
 F = Levels seen in this place.
 G = Mean time per level.
                   A        B        C        D        E       F      G
               +--------+--------+--------+--------+--------+-----+--------+
         Total |  15912 |  15434 |    478 |    621 |  11717 |  14 | 1136.6 |
       Dungeon |  12641 |  12235 |    406 |    513 |   9506 |  11 | 1149.2 |
          Lair |   3271 |   3200 |     71 |    108 |   2211 |   3 | 1090.3 |
               +--------+--------+--------+--------+--------+-----+--------+

Top non-repeatable levels by time:
     D:4: 1679 daAuts
  Lair:2: 1551 daAuts
     D:6: 1447 daAuts
  Lair:1: 1385 daAuts
     D:3: 1272 daAuts
     D:2: 1198 daAuts
     D:9: 1177 daAuts
     D:7: 1098 daAuts
     D:1: 1036 daAuts
     D:5: 1014 daAuts
    D:10: 994 daAuts
    D:11: 890 daAuts
     D:8: 832 daAuts
  Lair:3: 333 daAuts
